 Dungeon Crawl Stone Soup version 0.20.0-15-g7f486f2 (webtiles) character file.

7760 skittles the Arsonist (level 11, -8/74 HPs)
             Began as a Green Draconian Fire Elementalist on June 11, 2017.
             Was a Priest of Vehumet.
             Splashed by Maurice's acid (14 damage)
             ... on level 11 of the Dungeon.
             The game lasted 00:29:31 (11835 turns).

skittles the Arsonist (DrFE)                       Turns: 11835, Time: 00:29:33

Health: -8/74      AC: 10    Str: 19    XL:     11   Next: 1%
Magic:  20/23      EV: 12    Int: 24    God:    Vehumet [***...]
Gold:   738        SH:  0    Dex: 11    Spells: 12/26 levels left

rFire    . . .     SeeInvis .   E - +9 flail "Teaschugras" {freeze, Int+5}
rCold    . . .     Gourm    .   (no shield)
rNeg     . . .     Faith    .   (armour unavailable)
rPois    +         Spirit   .   (helmet restricted)
rElec    .         Reflect  .   R - +0 cloak
rCorr    .         Harm     .   q - +0 pair of gloves
MR       .....     Rnd*Rage +   o - +0 pair of boots
Stlth    ++........             F - amulet of rage
Regen    0.3/turn               c - +4 ring of strength
MPRegen  0.2/turn               D - ring of wizardry

@: lethally poisoned (-8 -> -10)
A: breathe noxious fumes, unfitting armour, berserk 1, poison resistance, strong
2, cold-blooded, AC +7
a: Breathe Noxious Fumes, Renounce Religion, Evoke Berserk Rage


You were on level 11 of the Dungeon.
You worshipped Vehumet.
Vehumet was most pleased with you.
You were not hungry.

You visited 1 branch of the dungeon, and saw 11 of its levels.

You collected 738 gold pieces.

Inventory:

Hand Weapons
 y - a +5 whip of electrocution
 E - the +9 flail "Teaschugras" (weapon) {freeze, Int+5}
   (You found it on level 7 of the Dungeon)

   It has been specially enchanted to freeze those struck by it, causing extra
   injury to most foes and up to half again as much damage against particularly
   susceptible opponents.
   It can also slow down cold-blooded creatures.
   It affects your intelligence (+5).
Armour
 o - a +0 pair of boots (worn)
 q - a +0 pair of gloves (worn)
 R - a +0 cloak (worn)
Jewellery
 c - a +4 ring of strength (left hand)
 x - an uncursed ring of flight
 D - a ring of wizardry (right hand)
 F - an amulet of rage (around neck)
Wands
 f - a wand of flame (25/48)
 w - a wand of digging (10/24)
 C - a wand of iceblast (6/15)
 G - a wand of digging (11/24)
 H - a wand of iceblast (9/15)
 K - a wand of paralysis (8/24)
 O - a wand of acid (9/15)
 P - a wand of random effects (9/48)
 Q - a wand of confusion (23/48)
Scrolls
 i - 2 scrolls of amnesia
 n - 3 scrolls of enchant armour
 r - a scroll of recharging
 t - 2 scrolls of fog
 u - a scroll of remove curse
 v - a scroll of fear
 A - 2 scrolls of teleportation
 I - 2 scrolls of random uselessness {unknown}
 J - a scroll of noise {unknown}
 N - a scroll of acquirement {unknown}
 S - a scroll of brand weapon {unknown}
Potions
 d - 2 potions of curing
 e - 3 potions of flight
 g - a potion of invisibility
 h - 2 potions of lignification
 j - 5 potions of heal wounds
 k - a potion of magic
 l - a potion of berserk rage
 m - a potion of haste {unknown}
 z - a potion of might {unknown}
 L - 4 potions of brilliance {unknown}
 M - a potion of resistance
 V - 2 potions of degeneration {unknown}
Books
 a - a book of Flames

   Spells                             Type                      Level
   a - Flame Tongue                   Conjuration/Fire             1
   b - Throw Flame                    Conjuration/Fire             2
   c - Conjure Flame                  Conjuration/Fire             3
   d - Inner Flame                    Hexes/Fire                   3
   e - Sticky Flame                   Conjuration/Fire             4
   f - Fireball                       Conjuration/Fire             5
 B - a book of Misfortune

   Spells                             Type                      Level
   a - Confusing Touch                Hexes                        1
   b - Confuse                        Hexes                        3
   c - Gell's Gravitas                Translocation                3
   d - Petrify                        Transmutation/Earth          4
   e - Metabolic Englaciation         Hexes/Ice                    5
   f - Yara's Violent Unravelling     Hexes/Transmutation          5
Comestibles
 b - 5 bread rations
 p - 3 royal jellies
 s - 3 meat rations
 T - 24 fruits
 U - 2 chunks of flesh


   Skills:
 + Level 7.2 Maces & Flails
 - Level 1.7 Dodging
 - Level 1.7 Stealth
 + Level 8.3 Spellcasting
 + Level 9.1 Conjurations
 + Level 9.4 Fire Magic


You had 12 spell levels left.
You knew the following spells:

 Your Spells              Type           Power        Failure   Level  Hunger
a - Flame Tongue          Conj/Fire      #####        1%          1    None
b - Conjure Flame         Conj/Fire      ######..     1%          3    None
c - Sticky Flame          Conj/Fire      ######..     1%          4    ##.....
d - Fireball              Conj/Fire      ######....   1%          5    ####...
e - Magic Dart            Conj           ####         1%          1    None


Dungeon Overview and Level Annotations

Branches:
Dungeon (11/15)            Temple (0/1) D:6            Lair (0/6) D:10
    Orc (0/2) D:10

Altars:
Ashenzari
Dithmenos
Elyvilon
Hepliaklqana
Makhleb
Ru
Sif Muna
Vehumet
Zin

Shops:
D:8 }   D:9 %}   D:10 (

Annotations:
D:11 Maurice


Innate Abilities, Weirdness & Mutations

You can breathe blasts of noxious fumes.
Your lurid green scales are hard. (AC +7)
You cannot fit into any form of body armour.
Your system is resistant to poisons. (rPois)
You are cold-blooded and may be slowed by cold attacks.
You tend to lose your temper in combat.
Your muscles are very strong. (Str +4)


Message History

You see here a poisoned needle.
You feel sick.
You feel sick.
You feel sick.
You feel sick.
Maurice the Thief comes into view.
He is wielding a dagger of venom.
Maurice shouts!
Casting: Sticky Flame
Confirm with . or Enter, or press ? or * to list all spells.
Aiming: Sticky Flame
Press: ? - help, Shift-Dir - straight line, f - kobold
Aim: a kobold, wielding a dagger The sticky flame hits the kobold.
You kill the kobold!
Vehumet accepts your kill.
You feel your power returning.
You feel sick.
Maurice zaps a wand.
The bolt of acid hits you!
* * * LOW HITPOINT WARNING * * *
You are splashed with acid!
The acid burns!
You die...

...../....#.## .##
#.<.(..###.o# #...
#......)###K## #..#
##.#.#.oK((o.####....
####....#.....#
#...####o.## ##.##
##K# #.# ##)# K##
##.@## #.
###...@###.# #.
#......<...#
#........#....##
.....###..##.Z. ....#
.### .## .#.. .# # ##
.. ##


You could see Maurice, an orc warrior, a kobold and a howler monkey skeleton.

Vanquished Creatures
  A two-headed ogre (D:9)
  An unseen horror (D:10)
  Pikel (D:5)
  An orc knight (D:9)
  A manticore (D:10)
  A centaur zombie (D:10)
  The ghost of Yermak the Cleaver, a novice DDFi of Makhleb (D:7)
  A komodo dragon (D:10)
  A troll (D:9)
  A hippogriff (D:9)
  2 wyverns
  Grum (D:9)
  A hungry ghost (D:9)
  A soldier ant (D:10)
  A water moccasin (D:8)
  3 phantoms
  An orc warrior (D:7)
  An ice beast (D:6)
  A sky beast (D:9)
  A black bear (D:6)
  4 ogres
  4 wolves (D:9)
  3 centaurs
  3 big kobolds
  2 bullfrogs
  2 scorpions
  2 wyvern skeletons
  3 wights
  2 howler monkeys
  3 crimson imps
  A bullfrog zombie (D:8)
  A quasit (D:7)
  3 hounds
  3 orc priests
  2 iguanas
  A jelly (D:7)
  6 orc wizards
  4 worker ants
  3 hound skeletons
  17 adders
  4 worms
  2 dart slugs (D:1)
  6 leopard geckos
  23 orcs
  A ball python (D:3)
  7 bats
  4 giant cockroaches
  6 goblins
  5 hobgoblins
  7 jackals
  A quokka (D:3)
  3 frilled lizards
  A jackal zombie (D:8)
  13 kobolds
  5 rats
180 creatures vanquished.

Vanquished Creatures (others)
  A hound skeleton (D:5)
  3 gnolls (D:5)
  A leopard gecko (D:5)
  A quokka (D:5)
  13 plants (D:10)
19 creatures vanquished.

Grand Total: 199 creatures vanquished

Notes
Turn   | Place    | Note
-------+----------+-------------------------------------------
     0 | D:1      | skittles the Draconian Fire Elementalist began the quest for the Orb.
     0 | D:1      | Reached XP level 1. HP: 14/14 MP: 3/3
    92 | D:1      | Reached XP level 2. HP: 16/20 MP: 0/5
  1000 | D:2      | Found a shattered altar of Ashenzari.
  1051 | D:2      | Reached XP level 3. HP: 23/26 MP: 0/6
  1472 | D:2      | Reached XP level 4. HP: 25/33 MP: 6/8
  2572 | D:3      | Found a radiant altar of Vehumet.
  2577 | D:3      | Became a worshipper of Vehumet
  2961 | D:3      | Reached XP level 5. HP: 34/38 MP: 9/9
  3897 | D:4      | Learned a level 3 spell: Conjure Flame
  3902 | D:4      | Learned a level 4 spell: Sticky Flame
  3941 | D:5      | Entered Level 5 of the Dungeon
  4004 | D:5      | Reached * piety under Vehumet
  4004 | D:5      | Offered knowledge of Magic Dart by Vehumet.
  4045 | D:5      | Reached XP level 6. HP: 20/45 MP: 0/11
  4214 | D:5      | Learned a level 1 spell: Magic Dart
  4412 | D:5      | Noticed Pikel
  4412 | D:5      | Noticed a slave
  4413 | D:5      | Noticed a slave
  4413 | D:5      | Noticed a slave
  4426 | D:5      | Noticed a slave
  4434 | D:5      | Killed Pikel
  4434 | D:5      | Reached skill level 5 in Fire Magic
  4434 | D:5      | Your scales start taking on a lurid green colour.
  4434 | D:5      | Reached XP level 7. HP: 38/50 MP: 7/14
  4434 | D:5      | Gained mutation: Your system is resistant to poisons. (rPois) [Green Draconian growth]
  4515 | D:5      | Gained mutation: Your body sometimes deteriorates upon taking damage. [potion of mutation]
  4515 | D:5      | Gained mutation: You evolve. [potion of mutation]
  5041 | D:6      | Reached skill level 1 in Maces & Flails
  5041 | D:6      | Reached skill level 5 in Spellcasting
  5041 | D:6      | Reached skill level 5 in Conjurations
  5160 | D:6      | Lost mutation: Your body sometimes deteriorates upon taking damage. [potion of mutation]
  5160 | D:6      | Lost mutation: You evolve. [potion of mutation]
  5160 | D:6      | Gained mutation: You tend to lose your temper in combat. [potion of mutation]
  5160 | D:6      | Gained mutation: Your muscles are strong. (Str +2) [potion of mutation]
  5160 | D:6      | Gained mutation: Your muscles are very strong. (Str +4) [potion of mutation]
  5179 | D:6      | Found a staircase to the Ecumenical Temple.
  5201 | D:6      | Found a shattered altar of Ashenzari.
  5313 | D:6      | Reached XP level 8. HP: 57/57 MP: 8/15
  5571 | D:7      | Found a white marble altar of Elyvilon.
  5612 | D:7      | Noticed Yermak's ghost (novice DDFi)
  5851 | D:7      | Killed Yermak's ghost
  6462 | D:7      | Found a burning altar of Makhleb.
  6524 | D:7      | Reached XP level 9. HP: 58/62 MP: 9/18
  7069 | D:7      | Got an ivory flail
  7070 | D:7      | Identified the +9 flail "Teaschugras" {freeze, Int+5} (You found it on level 7 of the Dungeon)
  7133 | D:8      | Found a glowing silver altar of Zin.
  7136 | D:8      | Found a shadowy altar of Dithmenos.
  7303 | D:8      | Found a hazy altar of Hepliaklqana.
  7557 | D:8      | Reached ** piety under Vehumet
  7557 | D:8      | Offered knowledge of Sandblast by Vehumet.
  7856 | D:8      | Found a deep blue altar of Sif Muna.
  8131 | D:8      | Found Tualitz's Gadget Boutique.
  8340 | D:9      | Noticed Grum
  8353 | D:9      | Killed Grum
  8590 | D:9      | Reached skill level 5 in Maces & Flails
  8860 | D:9      | Noticed a two-headed ogre
  8880 | D:9      | Killed a two-headed ogre
  8880 | D:9      | Reached XP level 10. HP: 28/69 MP: 6/21
  9148 | D:9      | Found Gebariff's Gadget Emporium.
  9207 | D:9      | Learned a level 5 spell: Fireball
  9563 | D:9      | Found Venaume's Food Shoppe.
  9646 | D:10     | Entered Level 10 of the Dungeon
  9646 | D:10     | Found Kiurusua's Weapon Boutique.
  9646 | D:10     | Found a staircase to the Orcish Mines.
  9646 | D:10     | Noticed an orc knight
 10168 | D:9      | Killed an orc knight
 10525 | D:10     | Noticed a manticore
 10536 | D:10     | Killed a manticore
 10784 | D:10     | Offered knowledge of Searing Ray by Vehumet.
 10908 | D:10     | Found a sacrificial altar of Ru.
 11208 | D:10     | Reached *** piety under Vehumet
 11310 | D:10     | Noticed an unseen horror
 11311 | D:10     | Killed an unseen horror
 11526 | D:10     | Found a staircase to the Lair.
 11802 | D:11     | Reached XP level 11. HP: 64/74 MP: 23/23
 11834 | D:11     | Noticed Maurice
 11835 | D:11     | Splashed by Maurice's acid

Skill      XL: |  1  2  3  4  5  6  7  8  9 10 |
---------------+-------------------------------+-----
Conjurations   | 2 3 4 5 6 7 9 |  9.1
Spellcasting   | 3 4 5 6 7 8 |  8.3
Fire Magic     | 4 5 6 8 9 |  9.4
Maces & Flails | 1 3 5 7 |  7.2
Dodging        | |  1.7
Stealth        | |  1.7

Action                   |  1- 3 |  4- 6 |  7- 9 | 10-12 || total
-------------------------+-------+-------+-------+-------++-------
Melee: Unarmed           |    17 |       |       |       ||    17
       Tailslap          |     8 |    21 |     7 |     7 ||    43
       Dagger            |    82 |   167 |       |       ||   249
       Whip              |       |       |    65 |       ||    65
       Flail             |       |       |    75 |    70 ||   145
 Cast: Flame Tongue      |    31 |    64 |    53 |    25 ||   173
       Sticky Flame      |       |     1 |    14 |    15 ||    30
       Conjure Flame     |       |       |     3 |     5 ||     8
       Fireball          |       |       |       |     7 ||     7
 Abil: Breathe Noxious F |       |       |     2 |     3 ||     5
  Use: Scroll            |    10 |     1 |    12 |       ||    23
       Potion            |       |       |     2 |     1 ||     3
 Stab: Sleeping          |     2 |     2 |     2 |     1 ||     7
  Eat: Chunk             |     2 |    10 |    14 |     8 ||    34
       Fruit             |       |       |     2 |     7 ||     9
Armor: Skin              |    45 |    76 |    55 |    40 ||   216
Dodge: Dodged            |    98 |   133 |   121 |    62 ||   414
